 Dungeon Crawl Stone Soup version 0.20-a0-809-gaf7f668 (webtiles) character file.

67354 Gorglomux the Severer (level 14, -10/138 HPs)
             Began as a Deep Dwarf Berserker on Mar 3, 2017.
             Was a High Priest of Trog.
             Splashed by a tengu reaver's acid (12 damage)
             ... on level 12 of the Dungeon.
             The game lasted 01:06:52 (15561 turns).

Gorglomux the Severer (Deep Dwarf Berserker)       Turns: 15561, Time: 01:06:53

Health: -10/138    AC: 12    Str: 25    XL:     14   Next: 82%
Magic:  4/4        EV: 14    Int:  8    God:    Trog [*****.]
Gold:   1105       SH:  0    Dex: 13    Spells: 13/13 levels left

rFire    . . .     SeeInvis +   a - +4 battleaxe (antimagic) {god gift}
rCold    + . .     Gourm    .   g - +1 chain mail
rNeg     + . .     Faith    +   (shield currently unavailable)
rPois    .         Spirit   .   y - +2 hat {SInv}
rElec    .         Reflect  .   q - +1 cloak {rC+}
rCorr    .         Harm     .   u - +2 pair of gloves {archery}
MR       ++++.                  Q - +2 pair of boots
Stlth    ..........             x - amulet of faith
Regen    1.0/turn               s - ring of see invisible
MPRegen  0.1/turn               (no ring)

@: exhausted, corroded, non-regenerating, slowed, very slow
A: damage resistance, heal wounds, negative energy resistance 1, sense
surroundings 2, no regeneration
a: Heal Wounds, Berserk, Trog's Hand, Brothers in Arms, Burn Spellbooks,
Renounce Religion


You were on level 12 of the Dungeon.
You worshipped Trog.
Trog was extremely pleased with you.
You were very hungry.

You visited 2 branches of the dungeon, and saw 18 of its levels.
You also visited: Ice Cave.

You collected 1301 gold pieces.
You spent 196 gold pieces at shops.

Inventory:

Hand Weapons
 a - a +4 antimagic battleaxe (weapon) {god gift}
 b - a +0 blowgun
 n - a +3 antimagic executioner's axe {god gift}
Missiles
 f - 5 javelins
 p - 17 curare-tipped needles
 Z - 8 tomahawks of returning (quivered)
Armour
 g - a +1 chain mail (worn)
 q - a +1 cloak of cold resistance (worn)
 u - a +2 pair of gloves of archery (worn)
 y - a +2 hat of see invisible (worn)
 Q - a +2 pair of boots (worn)
Jewellery
 s - a ring of see invisible (right hand)
 x - an amulet of faith (around neck)
Wands
 r - a wand of acid (4/15)
 C - a wand of confusion (7/48)
 I - a wand of iceblast (4/15)
 S - a wand of scattershot (1/9)
 W - a wand of confusion (21/48)
Scrolls
 v - 3 scrolls of fear
 A - 6 scrolls of remove curse
 B - 2 scrolls of blinking
 F - a scroll of torment {unknown}
 H - a scroll of vulnerability {unknown}
 J - 3 scrolls of fog
 M - 7 scrolls of magic mapping
 P - 3 scrolls of immolation
 R - a scroll of identify
 T - a scroll of teleportation
 Y - 4 scrolls of recharging
Potions
 h - a potion of resistance
 i - 11 potions of curing
 w - 3 potions of haste
 D - 8 potions of lignification
 E - a potion of invisibility
 L - 2 potions of might
 N - a potion of mutation
 O - a potion of flight
 U - 5 potions of heal wounds
Miscellaneous
 V - a phantom mirror
 X - a phial of floods (inert)
Comestibles
 c - 11 bread rations
 l - 7 meat rations
 K - 2 royal jellies


   Skills:
 + Level 12.0 Fighting
 + Level 17.1 Axes
 - Level 7.7 Throwing
 - Level 10.7 Armour
 - Level 10.0 Dodging
 + Level 9.0 Evocations


You had 13 spell levels left.
You didn't know any spells.

Dungeon Overview and Level Annotations

Branches:
Dungeon (12/15)            Temple (0/1) D:6            Lair (6/6) D:11
  Swamp (0/4) Lair:2        Snake (0/4) Lair:4        Slime (0/5) Lair:6
    Orc (0/2) D:10

Altars:
Dithmenos
Makhleb
Nemelex Xobeh
Okawaru
Beogh

Shops:
D:7 (   D:8 (   D:10 *:[


Innate Abilities, Weirdness & Mutations

You are resistant to damage.
You can heal yourself by infusing magical energy.
You resist negative energy. (rN+)
You passively map the area around you.
You do not regenerate.


Message History

Evoke which item? (* to show all) (? for menu, Esc to quit)
Aiming: Scattershot (will waste charges)
Press: ? - help, Shift-Dir - straight line, f - tengu reaver
Aim: a tengu reaver, wielding a long sword of holy wrath, wearing a scale mail and wearing a buckler (lightly wounded)
The tengu reaver blocks the burst of metal fragments.
The burst of metal fragments hits the tengu reaver. x2
The tengu reaver blocks the burst of metal fragments.
The burst of metal fragments hits the tengu reaver. x2
The tengu reaver blocks the burst of metal fragments.
The burst of metal fragments hits the tengu reaver.
The tengu reaver is heavily wounded.
Evoking this partially-identified wand wasted a few charges.
You are feeling very hungry.
The tengu reaver hits you but does no damage.
The tengu reaver closely misses you. The tengu reaver misses you.
The tengu reaver points at you and mumbles some strange words.
The bolt of acid hits you!
* * * LOW HITPOINT WARNING * * *
The acid corrodes you!
You are splashed with acid!
The acid burns!
You die...

#≈#####.#...#...#...# ..
#.#.#.#.#..###..##..#..#
#...#..(#...#...#...#...
#≈..#..)....#...#...#Q..
##..##(....##..##.#####.
#...##...##...##.### #.
##.*.#####...###.†.# ..
##.........## #.### #.
##.Q@....## #.#####.
###...### #...#... #####
* #....... ####.... ,
###.# #†# * #.. * ### **
* *


You could see a tengu reaver and a battlesphere.

Vanquished Creatures
  Gastronok (Lair:1)
  A storm dragon (D:12)
  A frost giant (D:12)
  A reaper (IceCv)
  2 dire elephants (Lair:5)
  Snorg (D:11)
  2 yaktaur captains (D:12)
  A hydra (Lair:6)
  3 catoblepae (Lair:6)
  Erica (Lair:1)
  An ice dragon (D:12)
  A two-headed ogre (D:12)
  4 death yaks (Lair:6)
  The ghost of Soeti the Thaumaturge, a journeyman GrEE of Vehumet (D:11)
  Nergalle (D:11)
  The ghost of Azzok the Thaumaturge, a novice DEFE of Vehumet (Lair:1)
  Sonja (Lair:2)
  An unseen horror (D:11)
  An orc knight (D:12)
  4 manticores
  2 ugly things
  26 elephants
  A black mamba (shapeshifter) (D:12)
  2 ice statues (IceCv)
  Maurice (D:8)
  6 black mambas
  12 spiny frogs
  6 komodo dragons
  10 ice devils
  3 trolls
  A polar bear (Lair:6)
  A hornet (D:10)
  7 dream sheep (Lair:6)
  13 blink frogs
  13 hippogriffs
  Sigmund (D:4)
  4 spriggans (Lair:3)
  51 yaks
  3 wyverns
  4 basilisks
  Grum (D:11)
  Eustachio (D:4)
  A steam dragon (D:10)
  2 vampire mosquitoes (D:12)
  3 swamp worms (Lair:3)
  8 water moccasins
  3 porcupines
  9 orc warriors
  An ice beast (D:12)
  3 sky beasts
  A black bear (Lair:2)
  A necrophage (D:10)
  An eye of draining (D:12)
  4 ogres
  7 wolves
  3 centaurs
  9 crocodiles
  Blork the orc (D:4)
  8 bullfrogs
  A water moccasin zombie (D:6)
  6 scorpions
  5 killer bees (D:8)
  9 wights
  3 electric eels
  5 crimson imps
  A howler monkey (D:6)
  A bullfrog zombie (D:5)
  6 jellies
  A bullfrog skeleton (D:10)
  3 hounds
  2 centaur skeletons
  9 orc priests
  5 orc wizards
  5 iguanas
  3 worker ants
  The ghost of Sapher the Ruffian, a weakling VSFi of Wu Jian (D:6)
  2 worker ant zombies
  Robin (D:4)
  5 gnolls
  A howler monkey skeleton (D:9)
  6 adders
  A shadow imp (D:7)
  10 white imps (IceCv)
  5 ufetubi (IceCv)
  2 adder zombies
  An ooze (D:1)
  3 adder skeletons
  16 worms
  4 dart slugs
  11 leopard geckos
  53 orcs
  2 ball pythons
  5 bats
  3 giant cockroaches
  16 goblins
  7 hobgoblins
  6 jackals
  6 kobolds
  5 quokkas
  8 frilled lizards
  A leopard gecko zombie (D:6)
  A quokka skeleton (D:4)
  12 rats
  4 fungi
  6 plants
533 creatures vanquished.

Vanquished Creatures (collateral kills)
  2 hydras
  An oklob plant (Lair:5)
  A dream sheep (Lair:5)
4 creatures vanquished.

Vanquished Creatures (others)
  5 white imps (IceCv)
  14 fungi
  36 plants
  14 toadstools (Lair:5)
69 creatures vanquished.

Grand Total: 606 creatures vanquished

Notes
Turn   | Place    | Note
-------+----------+-------------------------------------------
     0 | D:1      | Gorglomux the Deep Dwarf Berserker began the quest for the Orb.
     0 | D:1      | Reached XP level 1. HP: 20/20 MP: 1/1
    69 | D:1      | Reached XP level 2. HP: 21/27 MP: 2/2
    83 | D:1      | Reached skill level 4 in Axes
   320 | D:1      | Reached XP level 3. HP: 26/33 MP: 3/3
   878 | D:2      | Reached ** piety under Trog
   878 | D:2      | Reached skill level 5 in Axes
  1244 | D:2      | Found a shadowy altar of Dithmenos.
  1773 | D:3      | Reached XP level 4. HP: 17/40 MP: 4/4
  2004 | D:3      | Reached skill level 6 in Axes
  2173 | D:3      | Found an iron altar of Okawaru.
  2179 | D:3      | Reached XP level 5. HP: 46/46 MP: 5/5
  2225 | D:4      | Noticed an ogre
  2231 | D:4      | Killed an ogre
  2231 | D:4      | Reached skill level 7 in Axes
  2474 | D:4      | Reached XP level 6. HP: 49/55 MP: 6/6
  2651 | D:4      | Noticed Eustachio
  2659 | D:4      | Killed Eustachio
  2659 | D:4      | Reached skill level 8 in Axes
  2765 | D:4      | Reached XP level 7. HP: 61/61 MP: 7/7
  2818 | D:4      | Noticed Robin
  2836 | D:4      | Reached *** piety under Trog
  2851 | D:4      | Killed Robin
  2916 | D:4      | Noticed Blork the orc
  2921 | D:4      | Killed Blork the orc
  2921 | D:4      | Reached skill level 9 in Axes
  3265 | D:4      | Noticed Sigmund
  3284 | D:4      | Killed Sigmund
  3485 | D:5      | Entered Level 5 of the Dungeon
  3519 | D:5      | Reached skill level 10 in Axes
  3770 | D:5      | Reached XP level 8. HP: 39/68 MP: 8/8
  4595 | D:6      | Noticed Sapher's ghost (weakling VSFi)
  4602 | D:6      | Reached skill level 11 in Axes
  4615 | D:6      | Killed Sapher's ghost
  4709 | D:6      | Found a staircase to the Ecumenical Temple.
  4866 | D:6      | Found a sparkling altar of Nemelex Xobeh.
  4887 | D:6      | Reached skill level 12 in Axes
  5016 | D:6      | Reached skill level 1 in Evocations
  5078 | D:6      | Reached skill level 3 in Fighting
  5237 | D:7      | Reached **** piety under Trog
  5240 | D:7      | Reached skill level 3 in Dodging
  5325 | D:7      | Found Epniryaz's Weapon Shop.
  5342 | D:7      | Reached skill level 3 in Armour
  5414 | D:7      | Gained mutation: You passively map the area around you. [Deep Dwarf growth]
  5414 | D:7      | Reached XP level 9. HP: 32/76 MP: 10/10
  5427 | D:7      | Reached skill level 3 in Evocations
  5724 | D:7      | Found a burning altar of Makhleb.
  5724 | D:7      | Noticed a cacodemon
  6153 | D:8      | Noticed Maurice
  6166 | D:8      | Killed Maurice
  6256 | D:8      | Found Zawkic's Antique Weapon Boutique.
  6269 | D:8      | Bought a runed broad axe for 154 gold pieces
  6762 | D:9      | Reached skill level 6 in Evocations
  6762 | D:9      | Reached XP level 10. HP: 57/88 MP: 13/13
  6787 | D:9      | Reached skill level 6 in Armour
  6810 | D:9      | Reached ***** piety under Trog
  7196 | D:10     | Entered Level 10 of the Dungeon
  7205 | D:10     | Found Hidoobb's Book Shop.
  7308 | D:10     | Reached skill level 6 in Fighting
  7323 | D:10     | Found Pen Enoi's General Store.
  7333 | D:10     | Bought a potion of curing for 42 gold pieces
  7456 | D:10     | Reached skill level 13 in Axes
  7479 | D:10     | Received a gift from Trog
  7523 | D:10     | Found a roughly hewn altar of Beogh.
  7523 | D:10     | Found a staircase to the Orcish Mines.
  7597 | D:10     | Found Qeceun's Armour Shoppe.
  7978 | D:11     | Noticed Soeti's ghost (journeyman GrEE)
  7984 | D:11     | Noticed Nergalle
  7992 | D:11     | Killed Soeti's ghost
  7992 | D:11     | Reached skill level 1 in Throwing
  7992 | D:11     | Reached XP level 11. HP: 99/99 MP: 15/15
  7995 | D:11     | Killed Nergalle
  8002 | D:11     | Noticed Grum
  8013 | D:11     | Killed Grum
  8078 | D:11     | Found a staircase to the Lair.
  8082 | D:11     | Received a gift from Trog
  8254 | D:11     | Noticed a white ugly thing
  8263 | D:11     | Killed a white ugly thing
  8263 | D:11     | Reached skill level 3 in Throwing
  8319 | D:11     | Noticed Snorg
  8327 | D:11     | Noticed an unseen horror
  8336 | D:11     | Killed Snorg
  8337 | D:11     | Killed an unseen horror
  8479 | Lair:1   | Entered Level 1 of the Lair of Beasts
  8551 | Lair:1   | Noticed Erica
  8560 | Lair:1   | Killed Erica
  8602 | Lair:1   | Noticed Azzok's ghost (novice DEFE)
  8618 | Lair:1   | Killed Azzok's ghost
  8618 | Lair:1   | Reached skill level 9 in Armour
  8653 | Lair:1   | Reached skill level 14 in Axes
  8819 | Lair:1   | Noticed Gastronok
  8839 | Lair:1   | Killed Gastronok
  8839 | Lair:1   | Reached XP level 12. HP: 46/112 MP: 16/16
  9265 | Lair:2   | Noticed Sonja
  9271 | Lair:2   | Killed Sonja
  9584 | Lair:2   | Found a staircase to the Swamp.
  9721 | Lair:2   | Noticed a four-headed hydra
  9728 | Lair:2   | Killed a four-headed hydra
  9728 | Lair:2   | Reached skill level 9 in Fighting
  9981 | Lair:3   | Found a frozen archway.
 10028 | IceCv    | Entered an ice cave
 10137 | IceCv    | Reached skill level 6 in Dodging
 10291 | IceCv    | Received a gift from Trog
 10383 | IceCv    | Noticed a reaper
 10445 | IceCv    | Killed a reaper
 10714 | Lair:3   | Reached skill level 15 in Axes
 10824 | Lair:3   | Reached XP level 13. HP: 64/122 MP: 5/15
 11179 | Lair:3   | Received a gift from Trog
 11513 | Lair:4   | Identified a scroll of acquirement
 11689 | Lair:4   | Found a staircase to the Snake Pit.
 13019 | Lair:5   | Found a runed door.
 13169 | Lair:5   | Noticed a dire elephant
 13171 | Lair:5   | Noticed a dire elephant
 13236 | Lair:5   | Killed a dire elephant
 13311 | Lair:5   | Killed a dire elephant
 13445 | Lair:5   | Reached skill level 9 in Dodging
 13453 | Lair:6   | Entered Level 6 of the Lair of Beasts
 13473 | Lair:6   | Found a staircase to the Slime Pits.
 13729 | Lair:6   | Reached skill level 16 in Axes
 13729 | Lair:6   | Reached skill level 6 in Throwing
 14055 | Lair:6   | Received a gift from Trog
 14071 | Lair:6   | Gained mutation: You resist negative energy. (rN+) [Deep Dwarf growth]
 14071 | Lair:6   | Reached XP level 14. HP: 89/133 MP: 4/12
 14539 | Lair:6   | Received a gift from Trog
 15324 | D:12     | Noticed a frost giant
 15333 | D:12     | Killed a frost giant
 15434 | D:12     | Noticed a storm dragon
 15446 | D:12     | Killed a storm dragon
 15446 | D:12     | Reached skill level 17 in Axes
 15455 | D:12     | Reached skill level 12 in Fighting
 15535 | D:12     | Noticed a tengu reaver
 15550 | D:12     | Received a gift from Trog
 15558 | D:12     | Reached skill level 9 in Evocations
 15561 | D:12     | HP: 2/138 [tengu reaver/bolt of acid (33)]
 15561 | D:12     | Splashed by a tengu reaver's acid

Vault maps used:
D:1:      elethiomel_arrival_quiet, moated_statue
D:2:      overflow_temple_1_default, first_bread, hangedman_decor_growths
D:3:      okawaru_altar_gauntlet_db
D:4:      kennysheep_small_circle, uniq_blork_the_orc, uniq_eustachio,
          uniq_sigmund, uniq_robin
D:5:      corexii_checkpoint_a, grunt_decor_mini_mirrors
D:6:      nemelex_xobeh_ov_fountains_minmay, minmay_temple_entry_grid
D:7:      makhleb_altar_promises_db, serial_shops, nicolae_shop_trees
D:8:      serial_shops, kennysheep_mini, uniq_maurice
D:10:     david_orc_5, serial_shops, shop, nicolae_shop_statue_plus, shop,
          nrook_mini_vaults
D:11:     david_lair_generic, uniq_nergalle, uniq_grum, uniq_snorg
D:12:     minmay_tile_spiral, grunt_tengu_nest, minivault_16
Lair:1:   uniq_erica, uniq_gastronok
Lair:2:   swamp_mist_pool, uniq_sonja
Lair:3:   wad_woods_settlement, portal_ice_cave_demonic_guard, worms_lemuel
Lair:4:   dummy_snake_entry, lemuel_fruit_fields
Lair:5:   gammafunk_lair_enchanted_lake
Lair:6:   evilmike_catoblepas_cave, minmay_slime_entry_pillars, serial_bayou,
          serial_bayou_lagoon_a, serial_bayou_crossing, serial_bayou_pond_c,
          serial_bayou_pond_a, infiniplex_staircase_pool
IceCv:    ice_cave_small_demon

Skill      XL: |  1  2  3  4  5  6  7  8  9 10 11 12 13 14 |
---------------+-------------------------------------------+-----
Axes           | 4 5 6 7 8 10 12 13 14 15 16 17 | 17.1
Evocations     | 2 6 7 9 |  9.0
Fighting       | 3 5 6 8 9 10 12 | 12.0
Dodging        | 3 4 7 9 10 | 10.0
Armour         | 3 5 7 9 10 | 10.7
Throwing       | 1 4 5 6 7 |  7.7

Action                   |  1- 3 |  4- 6 |  7- 9 | 10-12 | 13-15 || total
-------------------------+-------+-------+-------+-------+-------++-------
Melee: Hand axe          |   103 |    90 |   232 |       |       ||   425
       War axe           |       |       |   168 |       |       ||   168
       Broad axe         |       |       |    40 |   386 |       ||   426
       Battleaxe         |       |       |       |    30 |   611 ||   641
 Fire: Blowgun           |       |       |       |     1 |     5 ||     6
Throw: Tomahawk          |       |    11 |       |    16 |    20 ||    47
       Javelin           |       |       |       |       |    11 ||    11
Invok: Berserk           |     6 |     7 |    12 |    16 |    12 ||    53
       Trog's Hand       |       |       |     3 |    12 |    17 ||    32
       Burn Spellbooks   |       |       |       |     1 |     4 ||     5
 Abil: Heal Wounds       |     1 |     2 |     7 |    16 |     9 ||    35
Evoke: Wand              |       |       |     2 |    20 |    17 ||    39
       Phial of floods   |       |       |       |     1 |     3 ||     4
  Use: Scroll            |       |       |    19 |    10 |    13 ||    42
       Potion            |       |       |     3 |       |     3 ||     6
 Stab: Sleeping          |     2 |       |       |       |       ||     2
       Invisible         |       |       |    11 |       |       ||    11
       Confused          |       |       |       |     3 |     2 ||     5
       Distracted        |       |       |       |       |     1 ||     1
  Eat: Chunk             |     8 |     9 |    26 |    27 |    31 ||   101
       Fruit             |       |       |       |     2 |     2 ||     4
       Meat ration       |       |       |       |     1 |       ||     1
Armor: Animal skin       |    20 |     1 |       |       |       ||    21
       Chain mail        |       |    24 |   207 |   193 |   369 ||   793
Dodge: Dodged            |    53 |    36 |   213 |   178 |   402 ||   882
Block: Buckler           |       |       |       |     9 |       ||     9
